Cogmind - Beta 10.2 @@@ ROGUE MODE // 2021.07.03 @ 13:20:31 Player: Demise Result: Smashed by cave-in Performance ------------- Evolutions (0) 0 Regions Visited (4) 800 Robots Destroyed (39) 195 Value Destroyed (551) 551 Prototype IDs (2) 40 Alien Tech Used (0) 0 Bonus (49) 49 TOTAL SCORE: 1635 Bonus ------- Follower Combat Kills 77 Friendly Fire -28 Cogmind --------- Core Integrity 0/250 Matter 206/300 Energy 250/250 System Corruption 2% Temperature Cool (0) Movement Treading (160) Location -9/Mines Parts ------- > --- POWER (1) -------- Ion Engine > --- PROPULSION (2) --- Light Treads Light Treads > --- UTILITY (2) ------ Large Storage Unit Large Storage Unit > --- WEAPON (2) ------- Makeshift Spear > --- INVENTORY (16) --- Makeshift Power Source Light Treads Light Treads VTOL Module Large Storage Unit Large Storage Unit Large Storage Unit Large Storage Unit High-capacity Matter Pod (200) Improved Signal Interpreter Makeshift System Shield Heavy EM Pulse Gun Light Assault Rifle Light Assault Rifle Datajack Peak State ------------ > --- POWER ------------ Ion Engine > --- PROPULSION ------- Light Treads Light Treads > --- UTILITY ---------- Large Storage Unit Large Storage Unit > --- WEAPON ----------- Light Assault Rifle Makeshift Spear > --- INVENTORY -------- Makeshift Power Source Light Treads Light Treads VTOL Module Large Storage Unit Large Storage Unit Large Storage Unit Large Storage Unit High-capacity Matter Pod Improved Signal Interpreter Makeshift System Shield Heavy EM Pulse Gun Light Assault Rifle Light Assault Rifle Datajack [Rating: 12] Favorites ----------- Power Ion Engine Engine Ion Engine Propulsion Light Treads Treads Light Treads Utility Large Storage Unit Storage Large Storage Unit Processor Improved Signal Interpreter Weapon Light Assault Rifle Energy Gun EM Pulse Gun Ballistic Gun Light Assault Rifle Launcher Grenade Launcher Special Weapon Mining Laser Piercing Weapon Makeshift Spear Special Melee Weapon Datajack Build | -11 -10 -10 -10 -9 ------- Run | Scr Mat Min Exi Min Slots Evolved . | . . . . . Power . | . . . . . Propulsion . | . . . . . Utility . | . . . . . Weapon . | . . . . . Parts Attached 47 | 6 27 1 9 4 Power 4 | 1 2 . 1 . Engine 4 | 1 2 . 1 . Core . | . . . . . Reactor . | . . . . . Propulsion 6 | 2 2 . 2 . Treads 6 | 2 2 . 2 . Leg . | . . . . . Wheel . | . . . . . Hover . | . . . . . Flight . | . . . . . Utility 12 | 1 11 . . . Device . | . . . . . Storage 11 | 1 10 . . . Processor 1 | . 1 . . . Hackware . | . . . . . Protection . | . . . . . Artifact . | . . . . . Weapon 25 | 2 12 1 6 4 Energy Gun 3 | 1 1 . 1 . Energy Cannon . | . . . . . Ballistic Gun 12 | 1 6 1 3 1 Ballistic Cannon . | . . . . . Launcher 5 | . 3 . . 2 Special Weapon 1 | . 1 . . . Impact Weapon . | . . . . . Slashing Weapon . | . . . . . Piercing Weapon 1 | . . . . 1 Special Melee Weapon 3 | . 1 . 2 . Unidentified Prototypes . | . . . . . Parts Lost 5 | . 2 1 . 2 Power . | . . . . . Propulsion . | . . . . . Utility . | . . . . . Weapon 5 | . 2 1 . 2 Highest Loss Streak 2 | . 2 1 . 1 Average Slot Usage (%) 99 | . 99 100 100 96 Engine 14 | . 14 14 14 14 Treads 27 | . 27 28 28 28 Storage 27 | . 27 28 28 28 Energy Gun 1 | . 1 . . . Ballistic Gun 24 | . 23 28 26 15 Special Melee Weapon 1 | . 1 . . . Naked Turns . | . . . . . Heaviest Build 41 | 10 41 39 41 41 Greatest Support 40 | 40 40 40 40 40 Greatest Overweight (x) 1 | . 1 . 1 1 Average Overweight (x) . | . . . . . Largest Inventory Capacity 16 | 6 16 16 16 16 Average Capacity 15 | 5 15 16 16 16 Most Carried 16 | 5 16 16 16 16 Average Carried 13 | 3 13 15 15 15 Final Capacity 16 | 6 16 16 16 16 Final Carried 16 | 4 16 15 16 15 Class Distribution -------------------- 100% | Mutant Dominant Class ---------------- Mutant | -10/Materials Mutant | -10/Mines Mutant | -10/Exiles Mutant | -9/Mines Resources | -11 -10 -10 -10 -9 ----------- Run | Scr Mat Min Exi Min Matter Collected 790 | 271 396 43 80 . Remotely . | . . . . . Salvage Created 1063 | 226 560 150 114 13 Parts 96 | 22 58 11 5 . Haulers Intercepted 2 | . 2 . . . Recyclers Shooed . | . . . . . Parts Field Recycled . | . . . . . Retrieved Matter . | . . . . . Parts Self-Destructed . | . . . . . Prevented . | . . . . . Kills | -11 -10 -10 -10 -9 ------- Run | Scr Mat Min Exi Min Combat Hostiles Destroyed 27 | . 17 3 . 7 Guns 12 | . 9 3 . . AOE 15 | . 8 . . 7 Classes Destroyed 10 | 3 6 . . 1 Worker 3 | 2 1 . . . Builder 1 | . 1 . . . Tunneler 5 | 5 . . . . Hauler 2 | . 2 . . . Recycler 2 | 1 . 1 . . Operator 3 | . 2 1 . . Watcher 3 | . 3 . . . Swarmer 12 | . 9 3 . . Grunt 8 | . 8 . . . Assembled 7 | . . . . 7 Best Kill Streak 7 | 4 4 4 . 7 Combat Bots Only 7 | . 4 3 . 7 Max Kills in Single Turn 3 | 2 3 1 . 2 Gunslinging . | . . . . . Exploded 3 | . 3 . . 2 Melee . | . . . . . Uniques/NPCs Destroyed . | . . . . . Combat | -11 -10 -10 -10 -9 -------- Run | Scr Mat Min Exi Min Damage Taken 1389 | 58 671 108 . 552 Core 299 | . 106 25 . 168 Absorbed by Shields . | . . . . . Core Remaining (%) 100 | 100 . . . . Volleys Fired 96 | 11 69 7 2 7 Largest 2 | 2 2 2 1 2 Hottest 100 | 60 100 40 45 40 Shots Fired 158 | 22 112 13 2 9 Gun 144 | 22 103 13 2 4 Cannon . | . . . . . Launcher 11 | . 6 . . 5 Special 3 | . 3 . . . Kinetic 124 | 11 96 13 . 4 Thermal 7 | . 7 . . . Explosive 11 | . 6 . . 5 Electromagnetic 16 | 11 3 . 2 . Robot Hit Streak 21 | 4 21 6 5 9 Robot Miss Streak 3 | 2 3 2 . 1 Penetration Max . | . . . . . Secondary Targets 1 | . 1 . . . Max Gunslinging Chain 1 | . 1 . . . Shots Hit Robots 104 | 10 76 9 4 5 Core Hits 85 | 8 49 7 2 19 Critical Hits . | . . . . . Critical Kills . | . . . . . Critical Parts Destroyed . | . . . . . Melee Attacks 4 | . . . 2 2 Impact . | . . . . . Slashing . | . . . . . Piercing 2 | . . . . 2 Sneak Attacks 2 | . . . 2 . Combat Hostiles 2 | . . . 2 . Follow-up Attacks . | . . . . . Damage Inflicted 2223 | 203 1383 78 73 486 Guns 838 | 105 595 78 33 27 Cannons . | . . . . . Explosions 1385 | 98 788 . 40 459 Melee . | . . . . . Ramming . | . . . . . Kinetic 659 | 9 545 78 . 27 Thermal 499 | 98 361 . 40 . Explosive 936 | . 477 . . 459 Electromagnetic 129 | 96 . . 33 . Impact . | . . . . . Slashing . | . . . . . Piercing . | . . . . . Highest Corruption . | . . . . . Average Corruption . | . . . . . Corruption Purged . | . . . . . Overload Shots . | . . . . . Overflow Damage 151 | . 151 . . . Projectiles . | . . . . . Explosions 151 | . 151 . . . Melee . | . . . . . Knockbacks . | . . . . . Impact . | . . . . . Kinetic . | . . . . . Secondary . | . . . . . Self-Inflicted Damage 165 | 59 106 . . . Shots 5 | 2 3 . . . Rammed . | . . . . . Targets Rammed . | . . . . . Kicked . | . . . . . Crushed . | . . . . . Highest Temperature 40 | 40 40 . 8 . Average Temperature 12 | 17 11 . 5 . Received Heat Transfer 186 | . 180 . . 6 Siege Activations . | . . . . . Robots Corrupted . | . . . . . Combat Hostiles . | . . . . . Parts Fried . | . . . . . Impact Corruptions . | . . . . . Robots Melted . | . . . . . Combat Hostiles . | . . . . . Parts Melted . | . . . . . Heat Transferred 398 | 50 298 . 50 . Parts Sabotaged . | . . . . . Parts Stolen . | . . . . . Parts Stripped . | . . . . . Power Chain Reactions 3 | 2 . . 1 . Missiles Intercepted . | . . . . . Alert | -11 -10 -10 -10 -9 ------- Run | Scr Mat Min Exi Min Peak Influence 288 | 40 288 103 . 77 Initial 38 | . 26 38 . . Average 112 | 15 142 49 . 38 Maximum Alert Level 1 | . 1 . . . Low Security (%) 94 | 100 92 100 . 100 Level 1 5 | . 7 . . . Level 2 . | . . . . . Level 3 . | . . . . . Level 4 . | . . . . . Level 5 . | . . . . . High Security . | . . . . . Max Security . | . . . . . Squads Dispatched 4 | . 4 . . . Investigation 2 | . 2 . . . Extermination . | . . . . . Reinforcement 2 | . 2 . . . Assault . | . . . . . Garrison . | . . . . . Intercept . | . . . . . Construction Impeded . | . . . . . Haulers Reinforced . | . . . . . Stealth | -11 -10 -10 -10 -9 --------- Run | Scr Mat Min Exi Min Distress Signals 1 | . 1 . . . Communications Jammed . | . . . . . Distress Signals . | . . . . . Times Spotted 58 | . 30 3 . 25 Peak Tracking Total 16 | . 5 3 . 16 Tactical Retreats 4 | . 2 . . 2 Traps | -11 -10 -10 -10 -9 ------- Run | Scr Mat Min Exi Min Traps Triggered . | . . . . . Indirectly . | . . . . . Trap Hack Attempts 58 | . 58 . . . Triggered . | . . . . . Disarmed . | . . . . . Reprogrammed 4 | . 4 . . . Reused . | . . . . . Traps Extracted . | . . . . . Installed . | . . . . . Triggered . | . . . . . Machines | -11 -10 -10 -10 -9 ---------- Run | Scr Mat Min Exi Min Machines Disabled 2 | . 2 . . . Max in Single Turn 1 | . 1 . . . Machines Sabotaged . | . . . . . Garrisons Compromised . | . . . . . Overloaded Fab Kills . | . . . . . Fab Network Shutdowns . | . . . . . Hacking | -11 -10 -10 -10 -9 --------- Run | Scr Mat Min Exi Min Machines Accessed 11 | . 10 . 1 . Terminals 7 | . 7 . . . Fabricators . | . . . . . Repair Stations 1 | . 1 . . . Recycling Units 2 | . 2 . . . Scanalyzers . | . . . . . Garrison Access . | . . . . . Total Hacks 36 | . 35 . 1 . Successful 27 | . 26 . 1 . Failed 8 | . 8 . . . Catastrophic . | . . . . . Database Lockouts 1 | . 1 . . . Manual 26 | . 26 . . . Terminals 25 | . 25 . . . Fabricators . | . . . . . Repair Stations 2 | . 2 . . . Recycling Units 8 | . 8 . . . Scanalyzers . | . . . . . Garrison Access . | . . . . . Terminal Hacks 9 | . 8 . 1 . Record 1 | . . . 1 . Robot Analysis 1 | . 1 . . . Prototype ID Bank 1 | . 1 . . . Branch Access Points 1 | . 1 . . . Terminal Index 1 | . 1 . . . Locate Traps 1 | . 1 . . . Hauler Manifests 1 | . 1 . . . Zone Layout 2 | . 2 . . . Fabricator Hacks . | . . . . . Repair Station Hacks 2 | . 2 . . . Scan Component 1 | . 1 . . . Repair 1 | . 1 . . . Recycling Unit Hacks 2 | . 2 . . . Retrieve Components 2 | . 2 . . . Scanalyzer . | . . . . . Garrison Access Hacks . | . . . . . Unauthorized Hacks 14 | . 14 . . . Terminals 9 | . 9 . . . Assimilate 2 | . 2 . . . Botnet 6 | . 6 . . . Operators 1 | . 1 . . . Fabricators . | . . . . . Repair Stations . | . . . . . Recycling Units 5 | . 5 . . . Reject 1 | . 1 . . . Recyclers 2 | . 2 . . . Mask 2 | . 2 . . . Scanalyzers . | . . . . . Garrison Access . | . . . . . Data Cores Recovered . | . . . . . Used . | . . . . . Hacking Detections 8 | . 8 . . . Full Trace Events 3 | . 3 . . . Feedback Events . | . . . . . Feedback Blocked . | . . . . . Robot Schematics Acquired . | . . . . . Robots Built . | . . . . . Matter . | . . . . . Time . | . . . . . Total Robot Build Rating . | . . . . . Part Schematics Acquired . | . . . . . Parts Built . | . . . . . Matter . | . . . . . Time . | . . . . . Total Part Build Rating . | . . . . . Parts Repaired 1 | . 1 . . . Time 13 | . 13 . . . Parts Recycled . | . . . . . Recycled Matter . | . . . . . Retrieved Matter . | . . . . . Retrieved Components 11 | . 11 . . . Parts Scanalyzed . | . . . . . Part Schematics Acquired . | . . . . . Parts Damaged . | . . . . . Bothacking | -11 -10 -10 -10 -9 ------------ Run | Scr Mat Min Exi Min Used RIF Installer . | . . . . . Robots Hacked . | . . . . . Non-combat . | . . . . . Combat . | . . . . . Robot Hacks Applied . | . . . . . Relay Couplers Released . | . . . . . Robots Rewired 2 | . . . 2 . Allies Hacked . | . . . . . Hacks Repelled . | . . . . . Allies | -11 -10 -10 -10 -9 -------- Run | Scr Mat Min Exi Min Total Allies 3 | . 1 . 2 . Largest Group 2 | . 1 1 2 2 Highest-Rated Group 29 | . 10 10 29 29 Highest-Rated Ally 21 | . 10 10 21 21 Total Orders 2 | . . 2 . . STAY 1 | . . 1 . . FOLLOW 1 | . . 1 . . Ally Attacks 12 | . . . . 12 Total Damage 201 | . . . . 201 Kills 5 | . . . . 5 Allies Corrupted . | . . . . . Allies Melted . | . . . . . Intel | -11 -10 -10 -10 -9 ------- Run | Scr Mat Min Exi Min Robot Analysis Total 1 | . 1 . . . Derelict Logs Recovered 1 | . . 1 . . Drone Launches . | . . . . . Drone Recoveries . | . . . . . Exploration | -11 -10 -10 -10 -9 ------------- Run | Scr Mat Min Exi Min Turns Passed 3334 | 124 1868 567 682 93 Spaces Moved 1771 | 54 960 342 399 16 Core 7 | 7 . . . . Treads 1764 | 47 960 342 399 16 Legs . | . . . . . Wheels . | . . . . . Hover . | . . . . . Flight . | . . . . . Fastest Speed 50 | 50 160 160 160 160 Average Speed 159 | 145 160 160 160 162 Slowest Speed 180 | 160 180 160 180 180 Overloaded Moves . | . . . . . Propulsion Burnouts . | . . . . . Robots Hopped . | . . . . . Cave-ins Triggered 1 | . . . . 1 Exploration Rate (%) 58 | 4 99 92 87 8 Regions Visited 4 Branch Regions 3 Pre-discovered Areas 1 | . . . 1 . Known Exits Taken 2 | . 1 . 1 . Unknown Exits Taken 2 | 1 . 1 . . Scrap Searched 1 | . . 1 . . Spaces Dug 4 | . 2 . . 2 Terrain Destroyed 109 | 6 61 . 4 38 Melee 2 | . . . . 2 Projectile 3 | . 3 . . . AOE 104 | 6 58 . 4 36 Terrain Rammed . | . . . . . Walls Destroyed . | . . . . . Machines Disabled . | . . . . . Actions | -11 -10 -10 -10 -9 --------- Run | Scr Mat Min Exi Min Total 2132 | 79 1192 352 437 72 Wait 70 | . 26 1 . 43 Move 1767 | 53 959 341 398 16 Hop . | . . . . . Pick Up 44 | 8 30 1 5 . Fast Attach 10 | 3 7 . . . Attach 8 | 3 3 1 . 1 Detach 5 | . 5 . . . Swap 29 | . 17 . 9 3 Drop 27 | 1 18 1 7 . Fire 96 | 11 69 7 2 7 Melee 4 | . . . 2 2 Ram . | . . . . . Kick . | . . . . . Crush . | . . . . . Escape Stasis . | . . . . . Rewire 14 | . . . 14 . Trap 58 | . 58 . . . Miscellaneous . | . . . . . Route ------- -11/Scrapyard -10/Materials (discovered 4 exits: *Mat x3 / *Min) -10/Mines (discovered 2 exits: *Mat / *Exi) -10/Exiles (discovered 2 exits: *Min x2) -9/Mines History --------- Turn | Location | Event 17 | -11/Scrapyard | Discovered new exit (range 15) 125 | -11/Scrapyard | Entered Materials 186 | -10/Materials | Discovered new exit (range 16) 314 | -10/Materials | Build established: Mutant 538 | -10/Materials | Discovered new exit (range 9) 615 | -10/Materials | Central database locked down 781 | -10/Materials | Identified exit to Mines 781 | -10/Materials | Discovered new exit (range 18) 814 | -10/Materials | Repaired Lgt. Treads 1317 | -10/Materials | Discovered new exit (range 4) 1340 | -10/Materials | Identified exit to Materials 1993 | -10/Materials | Entered Mines 1993 | -10/Mines | Accompanied by 1 ally 2192 | -10/Mines | Core integrity fell below 50% 2483 | -10/Mines | Discovered exit to Materials (range 8) 2554 | -10/Mines | Deemed a non-threat by the Exiles lab entrance 2554 | -10/Mines | Discovered new exit (range 5) 2560 | -10/Mines | Entered Exiles 2560 | -10/Exiles | Found Exiles lab destroyed 2561 | -10/Exiles | Identified exit to Mines 2912 | -10/Exiles | Learned location of Zion (-7) 3242 | -10/Exiles | Entered Mines 3242 | -9/Mines | Accompanied by 2 allies 3243 | -9/Mines | Assembled infested the area 3248 | -9/Mines | Assisted by a Guerilla fighting off Assembled 3288 | -9/Mines | Destroyed 7 combat bots 3336 | -9/Mines | Crushed by falling debris 3336 | -9/Mines | Smashed by cave-in Last Messages --------------- 03273_ D-53 Grenadier unfolds itself. 03274_ HV Slug penetrates as-04050. 03274_ as-04050 suffers critical hit. 03276_ as-07392 suffers critical hit. 03276_ as-07392 knocked back. 03278_ B9-Q1T(h) suffers critical hit. 03278_ HV Slug penetrates as-08226. 03278_ as-08226 suffers critical hit. 03278_ as-08226 destroyed. 03278_ as-42252 destroyed. 03279_ The unstable cave ceiling collapses. 03282_ HV Slug penetrates Earth. 03283_ The unstable cave ceiling collapses. 03283_ Aluminum Leg crushed. 03284_ B9-Q1T(h) destroyed. 03287_ as-04050 destroyed. 03288_ The unstable cave ceiling collapses. 03336_ Crushed by falling debris. 03336_ Lgt. Assault Rifle destroyed. 03336_ System corrupted by crushing effect (+2). Map ----- +----------------------------------------------------+ | ???????????????????????????????????? | | ???????????????????????????????????? | | ???????????????????????????????????? | | ???????????????????????????????????? | | ???????????????????????????????????? | | ???????????????????????? ??????????? | | ???????????????????????# ?????????? | | ?????????????????????# # ?????????? | | ???????????????????### #???????? | | ???????????????????# #??????? | | ???????????????????# # ??????? | | ??????????????????# ??????? | | ?????????????????## ??????? | | ????????????????" ####??? | | ?????????????# ?% # # ##?? | | ?????????????# % ??? | | ??????????????? = ##?? | | ??????????????? = = ##? | | ??????????????? #? | | ??????????????????????# #? | | ??????????????????????## % ##? | | ???????????????????????# * #? | | ???????????????????????## #? | | ????????????????????????# #? | | ????????????????????????## ##? | | ????????????????????????#@### ##?? | | ????????????????????????###?#####??? | | ???????????????????????????????????? | | ???????????????????????????????????? | | ???????????????????????????????????? | | ???????????????????????????????????? | | ???????????????????????????????????? | | ???????????????????????????????????? | | ???????????????????????????????????? | | ???????????????????????????????????? | | ???????????????????????????????????? | | ???????????????????????????????????? | | ???????????????????????????????????? | | ???????????????????????????????????? | | ???????????????????????????????????? | | ???????????????????????????????????? | | ???????????????????????????????????? | | ???????????????????????????????????? | | ???????????????????????????????????? | | ???????????????????????????????????? | | ???????????????????????????????????? | | ???????????????????????????????????? | | ???????????????????????????????????? | | ???????????????????????????????????? | | ???????????????????????????????????? | +----------------------------------------------------+ Best States ------------- Heat Dissipation 25 Energy Generation 10 Energy Capacity 250 Matter Stores 300 Matter Capacity 300 Sight Range 16 Terrain Scan Density 10 Evasion (%) 40 Recoil Reduction 2 Item Schematics ----------------- None Robot Schematics ------------------ None Fabricated ------------ Nothing Alien Tech Used ----------------- None Achievements -------------- None Challenges ------------ None Game ------ Seed ShockAntigravBlaster Manual? 0 Play Time 00:23:07 Cumulative 346.5 hours Start 2021.07.03 @ 09:43:07 End 2021.07.03 @ 13:20:31 Sessions 3 Manual Loads 0 Difficulty Rogue Special Mode None Game No. 295 Rogue 295 Adventurer 0 Explorer 0 Win Type - Total 1 Types 0/0/0/1/0/0/0/0/0 Lore% 69 Gallery% 77 Achievement% 59 Wizard Run 0 Options --------- ASCII 0 Keyboard 1 Movement Numpad Keybinds 0 Fullscreen 1 Font 12/Terminus Map View 83x54 Tactical HUD 1 Map Filters NONE Filters NONE Steam 1 RUN: 833a7d64-3e48-49a5-b5d8-bb318eba7e25